 Dungeon Crawl Stone Soup version 0.19.4-9-g45fd643 (webtiles) character file.

166 nikopol the Skirmisher (level 5, -4/70 HPs)
             Began as a Minotaur Berserker on Feb 20, 2017.
             Was a Believer of Trog.
             Slain by an orc wizard
             ... wielding a +2 dagger of draining
              (5 damage)
             ... on level 3 of the Dungeon.
             The game lasted 00:03:05 (2106 turns).

nikopol the Skirmisher (Minotaur Berserker)         Turns: 2106, Time: 00:03:06

Health: -4/70      AC:  2    Str: 26    XL:     5   Next: 22%
Magic:  4/4        EV: 11    Int:  4    God:    Trog [**....]
Gold:   71         SH:  0    Dex: 11    Spells: 0 memorised, 4 levels left

rFire  . . .     SeeInvis .     a - +0 war axe
rCold  . . .     Gourm    .     b - +0 animal skin
rNeg   . . .     Faith    .     (no shield)
rPois  .         Spirit   .     (helmet restricted)
rElec  .         Reflect  .     (no cloak)
rCorr  .         Harm     .     (no gloves)
MR     .....                    (no boots)
Stlth  ..........               (no amulet)
                                (no ring)
                                (no ring)

@: berserking, heavily drained, very quick
A: retaliatory headbutt, horns 2
a: Berserk, Trog's Hand, Burn Spellbooks, Renounce Religion


You were on level 3 of the Dungeon.
You worshipped Trog.
Trog was pleased with you.
You were near starving.

You visited 1 branch of the dungeon, and saw 3 of its levels.

You collected 71 gold pieces.

Inventory:

Hand Weapons
 a - a +0 war axe (weapon)
 q - a +0 hand axe
Missiles
 l - 19 arrows (quivered)
Armour
 b - a +0 animal skin (worn)
Jewellery
 r - an uncursed ring of magical power {unknown}
 t - an uncursed ring of positive energy {unknown}
Scrolls
 d - a scroll of immolation {unknown}
 f - a scroll of remove curse {unknown}
 g - 2 scrolls of teleportation {unknown}
 h - a scroll of blinking {unknown}
 i - 2 scrolls of amnesia {unknown}
 n - a scroll of enchant weapon {unknown}
 s - a scroll of identify {unknown}
Potions
 e - a potion of haste {unknown}
 j - a potion of degeneration {unknown}
 m - 2 potions of cancellation {unknown}
 o - a potion of invisibility {unknown}
 p - a potion of curing {unknown}
Comestibles
 c - 2 bread rations
 k - 2 meat rations


   Skills:
 + Level 4.7(2.1) Fighting
 + Level 4.6(2.0) Axes
 + Level 4.2(1.7) Armour
 + Level 3.4(1.0) Dodging


You had 4 spell levels left.
You didn't know any spells.

Dungeon Overview and Level Annotations

Branches:
Dungeon (3/15)

Altars:
Kikubaaqudgha
Trog
Vehumet
Xom
Yredelemnul


Innate Abilities, Weirdness & Mutations

You reflexively headbutt those who attack you in melee.
You have a pair of horns on your head.


Message History

A puff of frost appears from out of thin air!
The puff of frost hits you!
* * * LOW HITPOINT WARNING * * *
Something hits you but does no damage.
You feel drained.
You miss something. Something hits you but does no damage.
You feel drained. Something hits you!
* * * LOW HITPOINT WARNING * * *
You feel drained.
* * * LOW HITPOINT WARNING * * *
You barely miss something.
You hear some strange, mumbled words.
A puff of frost appears from out of thin air!
The puff of frost misses you. Something hits you.
* * * LOW HITPOINT WARNING * * *
You feel drained.
A red film seems to cover your vision as you go berserk!
You feel yourself moving faster!
You feel mighty!
You are near starving!
Something hits you.
You die...

#### ##(..
########...
#..>...#.. .
#......#{#
#..###......#@#
#...........)#
#...##........#
#...##.......##
..#..........#
# #####.##....#
#.####... #.#
#.### ##.# #.#


There were no monsters in sight!

Vanquished Creatures
  An orc priest (D:3)
  7 adders
  An ooze (D:3)
  3 worms (D:2)
  A dart slug (D:1)
  2 leopard geckos
  5 orcs (D:3)
  2 ball pythons (D:2)
  A giant cockroach (D:3)
  7 goblins
  3 hobgoblins
  4 kobolds
  A quokka (D:2)
  8 bats
  4 frilled lizards
  7 rats
57 creatures vanquished.

Notes
Turn   | Place    | Note
-------+----------+-------------------------------------------
     0 | D:1      | nikopol the Minotaur Berserker began the quest for the Orb.
     0 | D:1      | Reached XP level 1. HP: 19/19 MP: 0/0
   153 | D:1      | Reached XP level 2. HP: 27/27 MP: 1/1
   581 | D:2      | Reached XP level 3. HP: 25/33 MP: 2/2
   689 | D:2      | Found a shimmering altar of Xom.
   692 | D:2      | Found an ancient bone altar of Kikubaaqudgha.
   692 | D:2      | Found a radiant altar of Vehumet.
   694 | D:2      | Found a bloodstained altar of Trog.
   694 | D:2      | Found a basalt altar of Yredelemnul.
   919 | D:2      | Reached ** piety under Trog
  1393 | D:2      | Reached XP level 4. HP: 40/40 MP: 3/3
  2097 | D:3      | Reached XP level 5. HP: 26/47 MP: 4/4
  2104 | D:3      | HP: 2/47 [something (2)]
  2106 | D:3      | Slain by an orc wizard

Skill      XL: |  1  2  3  4 |
---------------+-------------+-----
Armour         | 3 4 |  4.2
Axes           | 4 |  4.6
Fighting       | 4 |  4.7
Dodging        | 3 |  3.4

Action                   |  1- 3 |  4- 6 || total
-------------------------+-------+-------++-------
Melee: Hand axe          |    69 |    16 ||    85
       Headbutt          |    12 |     8 ||    20
       War axe           |       |    32 ||    32
Invok: Berserk           |       |     1 ||     1
 Stab: Sleeping          |     1 |       ||     1
  Eat: Chunk             |     2 |     1 ||     3
Armor: Animal skin       |    14 |     9 ||    23
Dodge: Dodged            |    42 |    37 ||    79
